AoeStats
← Pwncakes

MegaRandom

509000510Analyzed
4v4 RM · 7d ago on Sep 25, 2026· 30m 40s· 8 players
Game mode
Random Map
Map size
Large (8 player)
Population
200
Speed
Normal
Resources
Standard
Victory
Conquest
Starting age
Dark Age
Ending age
Imperial Age
RankedLock teamsTeams togetherTeam positionsShared explorationLock speedFull tech treeHidden civsTurbo modeCheats
Victory
Defeat
🇨🇳 Franks · China
1410
+12
🇺🇸 Burgundians · United States
1401
+12
🇲🇽 Aztecs · Mexico
1385
+13
🇨🇳 Poles · China
1351
+14
🇲🇽 Italians · Mexico
1492
-20
🇨🇦 Vietnamese · Canada
1313
-13
🇺🇸 Italians · United States
1280
-11
🇲🇽 Varangians · Mexico
1152
-7
Yoalliperro
11:15 Loom
14:25 Feudal Age
14:29 Man-at-Arms
15:30 Double-Bit Axe
15:49 Arson
17:41 Fletching
22:31 Castle Age
21:07 Horse Collar
23:17 Crossbowman
28:00 Bodkin Arrow
Pwncakes
4:31 Double-Bit Axe
7:31 Loom
7:46 Horse Collar
12:59 Feudal Age
14:08 Bow Saw
14:14 Heavy Plow
15:05 Forging
15:01 Scale Barding Armor
19:51 Wheelbarrow
22:04 Castle Age
20:23 Scale Mail Armor
23:47 Chain Barding Armor
22:49 Cavalier
23:29 Husbandry
27:45 Iron Casting
28:42 Heavy Plow
29:37 Hand Cart
叫声乌鸦哥
9:50 Loom
11:49 Feudal Age
16:35 Castle Age
14:35 Horse Collar
15:37 Double-Bit Axe
16:53 Scale Barding Armor
17:27 Heavy Plow
25:09 Bow Saw
26:28 Wheelbarrow
26:08 Town Watch
28:06 Szlachta Privileges
29:06 Forging
30:30 Chain Barding Armor
31:03 Husbandry
31:18 Bloodlines
乌合之众
9:07 Loom
11:51 Feudal Age
17:36 Castle Age
16:11 Double-Bit Axe
18:25 Scale Barding Armor
18:46 Forging
22:19 Chain Barding Armor
22:38 Iron Casting
25:23 Wheelbarrow
26:29 Chain Barding Armor
RKs Raggz
6:15 Loom
16:07 Feudal Age
19:50 Castle Age
18:16 Fletching
20:01 Double-Bit Axe
19:52 Crossbowman
25:28 Bodkin Arrow
Pinoye12
4:08 Loom
12:53 Feudal Age
16:56 Castle Age
15:46 Bloodlines
15:45 Horse Collar
16:18 Double-Bit Axe
17:24 Scale Barding Armor
19:06 Husbandry
22:55 Chain Barding Armor
24:12 Forging
25:01 Wheelbarrow
Vertical Vertigo
2:32 Loom
6:49 Loom
9:50 Feudal Age
10:39 Double-Bit Axe
13:56 Fletching
17:40 Horse Collar
22:19 Castle Age
20:52 Padded Archer Armor
22:09 Gold Mining
22:19 Crossbowman
23:02 Bodkin Arrow
23:46 Bow Saw
24:33 Heavy Plow
27:37 Wheelbarrow
26:51 Town Watch
28:46 Ballistics
29:43 Thumb Ring
Thrillho
5:08 Loom
10:40 Feudal Age
14:51 Castle Age
13:20 Horse Collar
13:47 Double-Bit Axe
15:31 Scale Barding Armor
Connection lost

Rejoining the realm…

Still unreachable

The connection could not be restored.

Session expired

The server has moved on; the page needs a fresh start.